 Dungeon Crawl Stone Soup version 0.21-a0-49-g7bf2ba4 (webtiles) character file.

34407 wirefist the Spear-Bearer (level 13, -6/122 HPs)
             Began as a Grey Draconian Berserker on June 11, 2017.
             Was a High Priest of Trog.
             Mangled by a harpy (16 damage)
             ... summoned by Kirke
             ... on level 14 of the Dungeon.
             The game lasted 01:04:55 (14422 turns).

wirefist the Spear-Bearer (DrBe)                   Turns: 14422, Time: 01:04:56

Health: -6/122     AC:  0    Str: 22    XL:     13   Next: 42%
Magic:  0/13       EV: 15    Int:  9    God:    Trog [*****.]
Gold:   899        SH:  0    Dex: 12    Spells: 10/12 levels left

rFire    . . .     SeeInvis .   (weapon currently unavailable)
rCold    . . .     Gourm    .   (shield currently unavailable)
rNeg     . . .     Faith    .   (armour unavailable)
rPois    .         Spirit   +   (helmet currently unavailable)
rElec    .         Reflect  .   (cloak currently unavailable)
rCorr    .         Harm     .   (gloves currently unavailable)
MR       .....                  (boots currently unavailable)
Stlth    +.........             m - amulet of guardian spirit
Regen    0.3/turn               (ring currently unavailable)
MPRegen  0.2/turn               (ring currently unavailable)

@: pig-form, slowed
A: (walk through water), unfitting armour, AC +13
a: Berserk, Trog's Hand, Brothers in Arms, Burn Spellbooks, Renounce Religion


You were on level 14 of the Dungeon.
You worshipped Trog.
Trog was extremely pleased with you.
You were not hungry.
You were a filthy swine.
You visited 3 branches of the dungeon, and saw 16 of its levels.
You also visited: Ossuary.

You collected 899 gold pieces.

Inventory:

Hand Weapons
 J - the +8 trident "Capawk" (melded) {freeze, MP+9 Int+4}
   (You found it on level 10 of the Dungeon)

   It has been specially enchanted to freeze those struck by it, causing extra
   injury to most foes and up to half again as much damage against particularly
   susceptible opponents.
   It can also slow down cold-blooded creatures.
   It affects your intelligence (+4).
   It affects your magic capacity (+9).
 M - a +2 bardiche of freezing
Armour
 c - a +0 pair of boots (melded)
 h - a +2 hat (melded)
 x - the +1 cloak of the Trees (melded) {SInv}
   (You found it on level 12 of the Dungeon)

   It lets you see invisible.
 Q - a +0 shield
 X - a +0 pair of gloves (melded)
Jewellery
 a - a +2 ring of strength (melded)
 m - an amulet of guardian spirit (around neck)
 n - a +3 amulet of reflection {unknown}
 o - an uncursed ring of stealth
 A - a +4 ring of evasion (melded)
 S - an uncursed ring of positive energy
 T - the ring of Lutweh {*Tele rPois MR+++ Dex-5}
   (You took it off a vault guard on level 13 of the Dungeon)

   [ring of teleportation]

   It may teleport you next to monsters.
   It affects your dexterity (-5).
   It protects you from poison.
   It affects your resistance to hostile enchantments.
Wands
 e - a wand of iceblast (10/15)
 r - a wand of confusion (23/48)
 v - a wand of enslavement (11/24)
 y - a wand of clouds (4/9)
 R - a wand of confusion (12/48)
 U - a wand of polymorph (10/24)
 Y - a wand of polymorph (12/24)
Scrolls
 d - a scroll of magic mapping
 g - 8 scrolls of teleportation
 j - 7 scrolls of identify
 k - a scroll of acquirement {unknown}
 p - 2 scrolls of immolation
 q - 4 scrolls of blinking
 B - 2 scrolls of recharging
 K - 6 scrolls of remove curse
Potions
 f - 4 potions of heal wounds
 t - 5 potions of lignification
 z - a potion of magic {unknown}
 C - a potion of brilliance {unknown}
 H - a potion of might
 I - 7 potions of curing
 L - a potion of invisibility
Books
 l - a book of Ice

   Spells                             Type                      Level
   a - Ice Form                       Ice/Transmutation            4
   b - Metabolic Englaciation         Hexes/Ice                    5
   c - Ozocubu's Refrigeration        Ice                          6
   d - Bolt of Cold                   Conjuration/Ice              6
   e - Freezing Cloud                 Conjuration/Ice/Air          6
   f - Simulacrum                     Ice/Necromancy               6
   Trog disapproves of the use of such an item.
 w - a book of Minor Magic

   Spells                             Type                      Level
   a - Magic Dart                     Conjuration                  1
   b - Blink                          Translocation                2
   c - Call Imp                       Summoning                    2
   d - Slow                           Hexes                        2
   e - Conjure Flame                  Conjuration/Fire             3
   f - Mephitic Cloud                 Conjuration/Poison/Air       3
   Trog disapproves of the use of such an item.
 O - a book of Frost

   Spells                             Type                      Level
   a - Freeze                         Ice                          1
   b - Throw Frost                    Conjuration/Ice              2
   c - Ozocubu's Armour               Charms/Ice                   3
   d - Throw Icicle                   Conjuration/Ice              4
   e - Summon Ice Beast               Ice/Summoning                4
   Trog disapproves of the use of such an item.
Comestibles
 b - 8 bread rations
 i - 5 meat rations
 u - 5 royal jellies
 P - 27 fruits


   Skills:
 - Level 13.2 Fighting
   Level 12.5(12.6) Short Blades
   Level 3.1(8.8) Long Blades
 * Level 14.3 Polearms
 - Level 2.6 Dodging
 - Level 3.9 Shields


You had 10 spell levels left.
You knew the following spells:

 Your Spells              Type           Power        Failure   Level  Hunger
a - Blink                 Tloc           N/A          52%         2    ###....


Dungeon Overview and Level Annotations

Branches:
Dungeon (14/15)            Temple (1/1) D:4            Lair (0/6) D:8
    Orc (1/2) D:12         Vaults (0/5) D:13

Altars:
Ashenzari
Cheibriados
Dithmenos
Elyvilon
Fedhas
Gozag
Hepliaklqana
Kikubaaqudgha
Makhleb
Nemelex Xobeh
Okawaru
Qazlal
Ru
Sif Muna
Trog
Uskayaw
Vehumet
Wu Jian
Xom
Yredelemnul
Zin
The Shining One

Shops:
D:7 =   Orc:1 =

Annotations:
D:14 Kirke


Innate Abilities, Weirdness & Mutations

((You can walk through water.))
((Your dull iron-grey scales are very hard. (AC +13)))
You cannot fit into any form of body armour.
((You can survive without breathing.))
((You are cold-blooded and may be slowed by cold attacks.))


Message History

The harpy closely misses you. The harpy claws you!
The harpy closely misses you. x2
The harpy claws you!! The harpy claws you!
The harpy screeches!
The harpy barely misses you. The harpy claws you!
The harpy screeches!
The harpy claws you!!
* * * LOW HITPOINT WARNING * * *
The harpy closely misses you.
The harpy screeches!
The harpy closely misses you. The harpy claws you!
* * * LOW HITPOINT WARNING * * *
The harpy screeches!
The harpy claws you!
* * * LOW HITPOINT WARNING * * *
The harpy claws you!
* * * LOW HITPOINT WARNING * * *
The harpy screeches!
The harpy claws you!!
You die...

########### ..h@......#
#########h########
#...@.....# #..######H#
#..#....#H# #..#.##.#h#
#..#.##.#.######
#######.#.##.#......#
...........#.####.###
#########.#..#.......#
..........#)......#..#
.###########.#.......#
.....................>#
..#######.#..#....##.##


You could see 2 harpies.

Vanquished Creatures
  4 vault guards (D:13)
  3 centaur warriors
  An anaconda (shapeshifter) (D:13)
  A hydra (D:12)
  2 two-headed ogres
  The ghost of withersans the Magus, a novice DsGl of Nemelex Xobeh (D:9)
  The ghost of McSplat the Tainter, a novice DEVM of Vehumet (D:10)
  2 unseen horrors
  A deep elf archer (D:13)
  A wizard (D:13)
  Pikel (D:7)
  An orc knight (D:13)
  2 ugly things
  An orc sorcerer (D:13)
  A manticore (D:14)
  A cyclops (D:11)
  10 slime creatures
  2 gargoyles
  A yaktaur (D:13)
  A komodo dragon (D:13)
  7 trolls
  The ghost of stupendous the Shield-Bearer, an amateur FoFi (D:3)
  3 hornets
  Grinder (D:4)
  5 hippogriffs
  A snapping turtle (shapeshifter) (D:13)
  Sigmund (D:6)
  3 wyverns
  4 shadows
  A wraith (D:7)
  A vampire (D:12)
  A human (D:13)
  4 fire bats (D:12)
  A basilisk (D:8)
  12 yaks
  3 hogs (D:14)
  A hungry ghost (D:9)
  Menkaure (D:4)
  2 water moccasins
  A hell hound (D:12)
  2 porcupines (D:8)
  6 sky beasts
  8 orc warriors
  5 ice beasts
  3 slaves (D:7)
  2 phantoms (D:8)
  2 ogres
  2 necrophages (D:7)
  17 centaurs
  5 crocodiles
  4 elf zombies (Ossuary)
  5 big kobolds
  7 bullfrogs
  A wyvern zombie (D:11)
  3 wyvern skeletons
  A troll zombie (D:7)
  2 scorpions
  8 killer bees
  3 wights (D:9)
  2 howler monkeys
  9 centaur zombies
  3 crimson imps
  2 lava snakes (D:12)
  2 quasits (D:12)
  2 bullfrog zombies
  9 hounds
  11 orc priests
  A gnoll shaman (D:9)
  A human skeleton (D:7)
  7 human zombies
  A jelly (D:11)
  14 orc wizards
  2 bullfrog skeletons
  Terence (D:3)
  5 iguanas
  7 worker ants
  Ijyb (D:3)
  2 ogre zombies (D:7)
  4 mummies
  A worker ant zombie (D:11)
  5 gnolls (D:9)
  12 adders
  3 shadow imps
  An adder skeleton (D:8)
  3 worms
  A dart slug (D:1)
  6 leopard geckos
  50 orcs
  5 ball pythons
  4 giant cockroaches
  4 goblins (D:1)
  8 hobgoblins
  12 jackals
  3 quokkas
  7 bats
  2 frilled lizards
  A jackal skeleton (D:7)
  17 kobolds
  2 kobold zombies (D:8)
  A leopard gecko skeleton (D:5)
  An orc zombie (D:7)
  A quokka skeleton (D:6)
  2 rats
416 creatures vanquished.

Vanquished Creatures (others)
  A slave (D:8)
  A hound (D:8)
  3 fire vortices (D:12)
  5 plants (D:8)
10 creatures vanquished.

Grand Total: 426 creatures vanquished

Notes
Turn   | Place    | Note
-------+----------+-------------------------------------------
     0 | D:1      | wirefist the Draconian Berserker began the quest for the Orb.
     0 | D:1      | Reached XP level 1. HP: 19/19 MP: 1/1
    31 | D:1      | Found an iron altar of Okawaru.
   122 | D:1      | Reached skill level 1 in Short Blades
   232 | D:1      | Reached XP level 2. HP: 26/26 MP: 2/2
   760 | D:2      | Noticed Terence
   769 | D:2      | You fall through a shaft!
   792 | D:3      | Found a shimmering altar of Xom.
   796 | D:3      | Noticed stupendous's ghost (amateur FoFi)
   861 | D:3      | Reached ** piety under Trog
   861 | D:3      | Reached XP level 3. HP: 28/31 MP: 3/3
   890 | D:3      | Killed Terence
   904 | D:3      | Reached XP level 4. HP: 38/38 MP: 2/4
   975 | D:3      | Noticed Ijyb
   976 | D:3      | Found a faded altar of an unknown god.
   993 | D:3      | Killed Ijyb
  1047 | D:3      | Killed stupendous's ghost
  1047 | D:3      | Reached XP level 5. HP: 45/45 MP: 5/5
  1047 | D:3      | Reached XP level 6. HP: 51/51 MP: 6/6
  1340 | D:4      | Got a smoking leather armour
  1352 | D:4      | Noticed Grinder
  1372 | D:4      | Killed Grinder
  1372 | D:4      | Your scales start taking on a dull iron-grey colour.
  1372 | D:4      | Reached XP level 7. HP: 34/57 MP: 4/7
  1372 | D:4      | Gained mutation: You can survive without breathing. [Grey Draconian growth]
  1376 | D:4      | Noticed Menkaure
  1381 | D:4      | Found a staircase to the Ecumenical Temple.
  1391 | D:5      | Entered Level 5 of the Dungeon
  1542 | Temple   | Entered the Ecumenical Temple
  1744 | D:4      | Killed Menkaure
  1762 | D:4      | Was placed under penance by Trog
  1765 | D:4      | Learned a level 2 spell: Blink
  1986 | D:4      | Found a white marble altar of Elyvilon.
  2042 | D:4      | Found a basalt altar of Yredelemnul.
  2330 | D:5      | Was forgiven by Trog
  2331 | D:5      | Found an ornate altar of the Wu Jian Council.
  2558 | D:5      | Found a sacrificial altar of Ru.
  2943 | D:6      | Got a thick robe
  2982 | D:6      | Reached XP level 8. HP: 44/63 MP: 5/8
  3288 | D:6      | Noticed Sigmund
  3870 | D:6      | Killed Sigmund
  3870 | D:6      | Reached skill level 10 in Short Blades
  3978 | D:7      | Noticed Pikel
  4148 | D:7      | Killed Pikel
  4253 | D:7      | Reached *** piety under Trog
  4321 | D:7      | Noticed a hippogriff
  4327 | D:7      | Killed a hippogriff
  4327 | D:7      | Reached XP level 9. HP: 70/70 MP: 9/9
  5036 | D:7      | Found a basalt altar of Yredelemnul.
  5116 | D:7      | Found Vaqax's Jewellery Shoppe.
  5445 | D:8      | Reached skill level 5 in Fighting
  5760 | D:8      | Reached XP level 10. HP: 56/86 MP: 6/10
  5840 | D:8      | Found a staircase to the Lair.
  6035 | D:8      | Found a sand-covered staircase.
  6039 | D:8      | Reached **** piety under Trog
  6089 | Ossuary  | Entered an ossuary
  6429 | D:8      | Found a shadowy altar of Dithmenos.
  6674 | D:8      | Reached skill level 10 in Fighting
  7063 | D:9      | Noticed withersans's ghost (novice DsGl)
  7104 | D:9      | Killed withersans's ghost
  7565 | D:9      | Found an opulent altar of Gozag.
  7978 | D:10     | Entered Level 10 of the Dungeon
  8000 | D:10     | Noticed a two-headed ogre
  8016 | D:10     | Killed a two-headed ogre
  8016 | D:10     | Reached XP level 11. HP: 84/105 MP: 8/11
  8027 | D:10     | Noticed McSplat's ghost (novice DEVM)
  8045 | D:10     | Killed McSplat's ghost
  8060 | D:10     | Reached ***** piety under Trog
  8389 | D:10     | Reached skill level 1 in Shields
  8850 | D:10     | Got a crude trident
  8851 | D:10     | Identified the +8 trident "Capawk" {freeze, MP+9 Int+4} (You found it on level 10 of the Dungeon)
  8880 | D:10     | Reached skill level 1 in Polearms
  9122 | D:11     | Found a radiant altar of Vehumet.
  9129 | D:11     | Reached skill level 2 in Polearms
  9174 | D:11     | Found an iron altar of Okawaru.
  9183 | D:11     | Received a gift from Trog
  9266 | D:11     | Noticed a brown ugly thing
  9288 | D:11     | Killed a brown ugly thing
  9288 | D:11     | Reached skill level 3 in Polearms
  9402 | D:11     | Reached skill level 4 in Polearms
  9592 | D:11     | Reached skill level 5 in Polearms
  9863 | D:12     | Received a gift from Trog
  9867 | D:12     | Reached skill level 6 in Polearms
 10149 | D:12     | Noticed a four-headed hydra
 10156 | D:12     | Killed a four-headed hydra
 10176 | D:12     | Found a staircase to the Orcish Mines.
 10222 | Orc:1    | Entered Level 1 of the Orcish Mines
 10222 | Orc:1    | Found Nafun's Jewellery Boutique.
 10223 | Orc:1    | Noticed an orc warlord
 10235 | D:12     | Reached skill level 7 in Polearms
 10377 | D:12     | Noticed a two-headed ogre
 10386 | D:12     | Killed a two-headed ogre
 10386 | D:12     | Reached XP level 12. HP: 71/115 MP: 12/12
 10509 | D:12     | Reached skill level 8 in Polearms
 10735 | D:12     | Got a polished cloak
 10997 | D:12     | Identified the +1 cloak of the Trees {SInv} (You found it on level 12 of the Dungeon)
 11287 | D:13     | Reached skill level 9 in Polearms
 11420 | D:13     | Noticed a vault guard
 11756 | D:13     | Reached skill level 10 in Polearms
 11835 | D:13     | Noticed a centaur warrior
 11846 | D:13     | Killed a centaur warrior
 11873 | D:13     | Noticed a centaur warrior
 11878 | D:13     | Killed a centaur warrior
 11878 | D:13     | Reached skill level 11 in Polearms
 12504 | D:13     | Reached skill level 12 in Polearms
 12667 | D:13     | Received a gift from Trog
 12709 | D:13     | Noticed a vault guard
 12713 | D:13     | Noticed an anaconda
 12748 | D:13     | Killed a vault guard
 12749 | D:13     | Killed an anaconda
 13033 | D:13     | Noticed a vault guard
 13056 | D:13     | Killed a vault guard
 13056 | D:13     | Reached XP level 13. HP: 89/122 MP: 13/13
 13230 | D:13     | Reached skill level 13 in Polearms
 13278 | D:13     | Got a scintillating brass ring
 13306 | D:13     | Identified the ring of Lutweh {*Tele rPois MR+++ Dex-5} (You took it off a vault guard on level 13 of the Dungeon)
 13414 | D:13     | Found a gate to the Vaults.
 13870 | D:14     | Found a shadowy altar of Dithmenos.
 14306 | D:14     | Reached skill level 14 in Polearms
 14390 | D:14     | Noticed Kirke
 14422 | D:14     | Mangled by a harpy

Vault maps used:
D:1:      nicolae_arrival_washed_ashore, serial_bayou_pond_b,
          okawaru_ov_weapons_minmay
D:2:      uniq_terence
D:3:      lemuel_round_altar, chequers_ecumenical_altar_simple,
          lemuel_another_geyser, uniq_ijyb
D:4:      kennysheep_ying_yang, minmay_temple_entry_steel_oval, first_bread,
          uniq_menkaure, uniq_grinder
D:5:      overflow_temple_1_default, nicolae_ru_great_annihilating_truth
D:6:      uniq_sigmund
D:7:      serial_shops, kennysheep_little_box,
          lemuel_mausoleum_altar_yredelemnul, uniq_pikel
D:8:      nicolae_overflow_crystal_walls, minmay_lair_entry_grove,
          nicolae_ossuary_entry_giza, blue_anna_alchemist
D:9:      nicolae_gozag_seed_capital
D:10:     wad_river_or_something
D:11:     hangedman_feature_mirror
D:12:     david_orc_2, hangedman_incinerator
D:13:     grunt_vaults_entry_fortified
D:14:     minmay_weird_star, lemuel_statue_altar, uniq_kirke
Temple:   regret_index_temple_sphere_string
Orc:1:    serial_shops, nicolae_shop_stone, shop_fountains, shop, shop
Ossuary:  ossuary_minmay_four_chambers

Skill      XL: |  1  2  3  4  5  6  7  8  9 10 11 12 13 |
---------------+----------------------------------------+-----
Short Blades   | 1 2 3 6 7 9 11 12 | 12.5
Fighting       | 7 12 13 | 13.2
Shields        | 3 |  3.9
Polearms       | 7 12 14 | 14.3
Long Blades    | |  3.1
Dodging        | |  2.6

Action                   |  1- 3 |  4- 6 |  7- 9 | 10-12 | 13-15 || total
-------------------------+-------+-------+-------+-------+-------++-------
Melee: Short sword       |   102 |    77 |   738 |   854 |       ||  1771
       Tailslap          |    11 |    10 |    97 |   226 |    29 ||   373
       Falchion          |     2 |       |       |       |       ||     2
       Trident           |       |       |       |   506 |   157 ||   663
Invok: Berserk           |     1 |     3 |     6 |    10 |     1 ||    21
       Burn Spellbooks   |       |       |     1 |     2 |       ||     3
       Trog's Hand       |       |       |     1 |     2 |     1 ||     4
  Use: Scroll            |     1 |       |    13 |     6 |     1 ||    21
       Potion            |       |       |       |     9 |     2 ||    11
 Stab: Sleeping          |       |       |     2 |       |       ||     2
       Paralysed         |       |       |     1 |       |       ||     1
  Eat: Chunk             |       |     5 |    18 |    33 |     6 ||    62
       Bread ration      |       |       |     1 |       |       ||     1
Armor: Skin              |    13 |    19 |   117 |   318 |    40 ||   507
Dodge: Dodged            |    54 |    34 |   241 |   573 |    79 ||   981
Block: Shield            |       |       |       |   276 |       ||   276
       Rpst.: Falchion   |     2 |       |       |       |       ||     2
